 Dungeon Crawl Stone Soup version 0.30-a0-381-g6ea064c7b4 (webtiles) character file.

Game seed: 3378582330347249183

15353 Lobster4 the Fighter (level 12, -8/94 HPs)
             Began as a Djinni Hedge Wizard on Dec 1, 2022.
             Was a High Priest of Nemelex Xobeh.
             Mangled by a gargoyle
             ... wielding a +0 mace
              (15 damage)
             ... on level 12 of the Dungeon.
             The game lasted 01:01:09 (15873 turns).

Lobster4 the Fighter (Djinni Hedge Wizard)         Turns: 15873, Time: 01:01:10

Health: -8/94      AC: 12    Str: 11    XL:     12   Next: 56%
Gold:   777        EV: 13    Int: 21    God:    Nemelex Xobeh [*****.] SH:  6 Dex: 13

rFire   + + .      SeeInvis .    u - +1 hammer (vorpal)
rCold   . . .      Faith    .    f - +1 buckler {reflect}
rNeg    . . .      Spirit   .    g - +4 leather armour of the Big Bang {Str+2}
rPois   ∞          Reflect  +    c - +0 hat
rElec   .          Harm     .    v - +1 cloak
rCorr   +          Rampage  .    L - +1 pair of gloves
Will    +....                    (boots unavailable)
Stlth   ++........               K - amulet of the acrobat
HPRegen 0.35/turn                o - ring of protection from cold
MPRegen 0.00/turn                d - ring of resist corrosion

@: flying
A: sickness immunity, fire resistance 2, cold vulnerability 1, float, innate
caster, HP casting, extra vitality 1
a: Renounce Religion, Draw Escape, Draw Destruction, Draw Summoning, Triple
Draw, Deal Four, Stack Five


You were on level 12 of the Dungeon.
You worshipped Nemelex Xobeh.
Nemelex Xobeh was extremely pleased with you.
You visited 3 branches of the dungeon, and saw 14 of its levels.
You also visited: Bailey.

You collected 1109 gold pieces.
You spent 332 gold pieces at shops.

Inventory:

Hand Weapons
 a - a +0 hand axe of flaming
 u - a +1 vorpal hammer (weapon)
 C - a +2 flail of holy wrath
Missiles
 r - 28 poisoned darts
 B - 2 atropa-tipped darts
 J - 7 boomerangs (quivered)
Armour
 c - a +0 hat (worn)
 f - a +1 buckler of reflection (worn)
 g - the +4 leather armour of the Big Bang (worn) {Str+2}
   (You bought it in a shop on level 1 of the Dungeon)

   Str:       It affects your strength (+2).
 i - +0 steam dragon scales
 v - a +1 cloak (worn)
 F - a +0 ring mail of fire resistance
 L - a +1 pair of gloves (worn)
 N - the +0 chain mail "Aguyv" {Harm +Inv Dex-2}
   (You found it in a bailey)

   Dex:       It affects your dexterity (-2).
   +Inv:      It lets you turn invisible.
   Harm:      It increases damage dealt and taken.
 T - +0 acid dragon scales
 X - a +2 robe of cold resistance
Magical Staves
 S - a staff of earth
 Y - a staff of cold
Jewellery
 d - a ring of resist corrosion (right hand)
 o - a ring of protection from cold (left hand)
 E - a ring of ice
 K - an amulet of the acrobat (around neck)
 M - a ring of protection from fire
 O - a +6 ring of strength
Wands
 b - a wand of paralysis (11)
 k - a wand of polymorph (8)
 q - a wand of flame (23)
 A - a wand of iceblast (1)
 D - a wand of digging (6)
 W - a wand of mindburst (15)
Scrolls
 h - 4 scrolls of teleportation
 j - a scroll of enchant armour
 p - a scroll of brand weapon
 t - 2 scrolls of magic mapping {unknown}
 w - 6 scrolls of fog
 y - a scroll of poison {unknown}
 z - a scroll of enchant weapon
 P - a scroll of acquirement {unknown}
 R - a scroll of vulnerability {unknown}
Potions
 e - 2 potions of mutation {unknown}
 l - 4 potions of lignification
 m - 3 potions of invisibility {unknown}
 n - a potion of haste
 s - a potion of berserk rage
 x - 4 potions of curing
 G - 3 potions of might
 H - 2 potions of ambrosia
 I - 4 potions of attraction {unknown}
 Q - a potion of brilliance
 U - a potion of heal wounds
 Z - a potion of cancellation


   Skills:
 + Level 11.2 Fighting
 - Level 1.0 Maces & Flails
 - Level 1.0 Throwing
 - Level 6.0 Armour
 - Level 6.0 Dodging
 - Level 2.0 Stealth
 - Level 5.0 Shields
 + Level 9.2 Spellcasting
 - Level 5.0 Invocations
 - Level 3.0 Evocations


You had 4 spell levels left.
You knew the following spells:

 Your Spells              Type           Power      Damage    Failure   Level
a - Magic Dart            Conj           100%       1d8       1%          1
b - Sandblast             Erth           96%        2d20      1%          1
c - Blink                 Tloc           96%        N/A       1%          2
d - Call Imp              Summ           48%        N/A       1%          2
e - Cigotuvi's Dreadful   Necr/Pois/Air  96%        N/A       1%          2
f - Mephitic Cloud        Conj/Pois/Air  48%        N/A       1%          3
g - Manifold Assault      Tloc           48%        N/A       2%          4
h - Poisonous Vapours     Pois/Air       96%        N/A       1%          2
i - Portal Projectile     Hex/Tloc       96%        N/A       1%          3
j - Animate Dead          Necr           48%        N/A       2%          4
s - Slow                  Hex            100%       N/A       1%          1
Your spell library was empty.

Dungeon Overview and Level Annotations

Branches:
Dungeon (12/15)            Temple (1/1) D:4            Lair (0/5) D:8
    Orc (1/2) D:9          Bailey (visited)

Altars:
Ashenzari
Cheibriados
Dithmenos
Elyvilon
Fedhas
Gozag
Hepliaklqana
Makhleb
Nemelex Xobeh
Okawaru
Qazlal
Ru
Trog
Uskayaw
Wu Jian
Xom
Yredelemnul
Zin
The Shining One

Shops:
D:1 [:*=   D:10 *   D:11 **

Annotations:
D:2 1 runed translucent door, Crazy Yiuf
D:5 exclusion: statue
Orc:1 Erolcha


Innate Abilities, Weirdness & Mutations

You are immune to sickness and miasma.
You are immune to poison.
Your flesh is very heat resistant. (rF++)
You are vulnerable to cold. (rC-)
You float through the air rather than walking.
You learn spells naturally, not from books.
Your magical power is your life essence.
You have superior vitality. (+4 MHP)


Message History

Press: ? - help, Shift-Dir - straight line, f/p - gargoyle
Aim: a gargoyle, wielding a +0 mace (heavily damaged, 93% to hit)
The blast of sand hits the gargoyle but does no damage.
The gargoyle is heavily damaged.
The gargoyle hits you but does no damage.
Casting: Sandblast (safe; 1% risk of failure)
Confirm with . or Enter, or press ? or * to list all spells.
A beastly little devil appears in a puff of frigid air.
The gargoyle hurls a stone arrow at you.
The stone arrow hits you!
Unknown command.
Casting: Call Imp (safe; 1% risk of failure)
Confirm with . or Enter, or press ? or * to list all spells.
Aiming: Sandblast (safe; 1% risk of failure)
Press: ? - help, Shift-Dir - straight line, f/p - gargoyle
Aim: a gargoyle, wielding a +0 mace (heavily damaged, ally target, 93% to hit)
The blast of sand hits the gargoyle!
The gargoyle is almost destroyed.
The gargoyle hits you with a +0 mace!
* * * LOW HITPOINT WARNING * * *
Your white imp hits the gargoyle but does no damage.
The gargoyle hurls a stone arrow at your white imp.
The stone arrow hits your white imp!
Your white imp dies!
Your white imp disappears in a puff of smoke!
Casting: Sandblast (safe; 1% risk of failure)
Confirm with . or Enter, or press ? or * to list all spells.
Aiming: Sandblast (safe; 1% risk of failure)
Press: ? - help, Shift-Dir - straight line, f/p - gargoyle
Aim: a gargoyle, wielding a +0 mace (almost destroyed, unaware, hasn't noticed you, 93% to hit)
The blast of sand hits the gargoyle but does no damage.
The gargoyle is almost destroyed.
* * * LOW HITPOINT WARNING * * *
The gargoyle hurls a stone arrow at you.
The stone arrow hits you!
* * * LOW HITPOINT WARNING * * *
It was a potion of curing.
You feel better. The gargoyle hits you with a +0 mace!
You die...
Your body disappears without a glow.

♣♣♣ ♣♣.♣♣
♣♣@..♣
♣♣.#9#[♣
♣♣.##.#
♣♣.##♣.♣
♣♣.## ...
###♣♣.##
...
#.'..♣#
.$$$.
#.#♣♣.#
..... #.#
♣.##♣...♣#


You could see a gargoyle.

Vanquished Creatures
  Fannar (D:11)
  2 two-headed ogres
  Amaemon (D:11)
  An orc knight (Bailey)
  Pikel (D:5)
  A deep elf pyromancer (D:12)
  A manticore (D:12)
  An orange demon (D:11)
  2 kobold demonologists (D:9)
  3 komodo dragons
  An unseen horror (D:11)
  2 trolls (D:9)
  Prince Ribbit (D:7)
  2 shadows
  3 wraiths
  Eustachio (D:4)
  9 yaks (D:10)
  A steam dragon (D:6)
  2 vampire mosquitoes (D:11)
  A warg (Orc:1)
  2 acid dragons
  5 water moccasins (D:8)
  4 ice beasts
  2 sky beasts
  12 orc warriors
  2 black bears
  An ogre (D:5)
  3 phantoms
  3 centaurs
  A lemure (D:5)
  2 kobold brigands
  2 bullfrogs (D:8)
  A necrophage (D:6)
  5 scorpions
  3 wights (D:7)
  2 troll zombies (D:9)
  12 killer bees
  3 howler monkeys
  A jelly (D:5)
  2 hounds (D:5)
  6 orc priests
  Ijyb (D:4)
  2 iguanas
  Natasha (D:2)
  8 orc wizards
  2 ogre zombies (D:9)
  11 adders
  8 gnolls
  A shadow imp (D:5)
  A white imp (D:5)
  2 ufetubi
  3 dart slugs
  45 orcs
  2 bats (D:3)
  4 endoplasms
  3 giant cockroaches
  5 goblins
  5 hobgoblins
  4 quokkas
  5 ball pythons
  5 frilled lizards
  3 goblin zombies (D:9)
  3 hobgoblin zombies (D:9)
  15 kobolds
  2 orc skeletons (D:9)
  9 orc zombies (D:9)
  10 rats
271 creatures vanquished.

Vanquished Creatures (collateral kills)
  A scorpion (D:3)
  A killer bee (D:11)
  A jelly (D:3)
  Natasha (twice) (D:2)
  2 ogre zombies (D:9)
  An adder (D:3)
  A worm (D:3)
  An orc (D:3)
  A quokka (D:2)
  A hobgoblin zombie (D:9)
  An orc skeleton (D:9)
13 creatures vanquished.

Vanquished Creatures (others)
  A deep elf pyromancer (Bailey)
  A hound (D:6)
  A killer bee zombie (D:9)
  45 fungi
  21 plants (D:8)
69 creatures vanquished.

Grand Total: 353 creatures vanquished

Notes
Turn   | Place    | Note
-------+----------+-------------------------------------------
     0 | D:1      | Lobster4 the Djinni Hedge Wizard began the quest for the
                  | Orb.
     0 | D:1      | Lobster4 set off with the following spells memorised: Magic
                  | Dart, Slow, Blink, Call Imp, Cigotuvi's Dreadful Rot,
                  | Mephitic Cloud.
     0 | D:1      | Reached XP level 1. HP: 15/15 MP: 0/0
   173 | D:1      | Reached XP level 2. HP: 8/22 MP: 0/0
   320 | D:1      | Found Seokh's Armour Shop.
   475 | D:1      | Found Ythauxeh's Book Boutique.
   499 | D:1      | Found a faded altar of an unknown god.
   590 | D:1      | Found Liosuch's Jewellery Shoppe.
   609 | D:1      | Found Daics's Assorted Antiques.
   792 | D:1      | Reached XP level 3. HP: 25/26 MP: 0/0
   792 | D:1      | Learned a level 1 spell: Sandblast
  1088 | D:2      | Noticed Natasha
  1096 | D:2      | Killed Natasha
  1097 | D:2      | Reached skill level 1 in Fighting
  1097 | D:2      | Reached skill level 1 in Armour
  1097 | D:2      | Reached XP level 4. HP: 13/32 MP: 0/0
  1187 | D:2      | Noticed Natasha
  1192 | D:2      | Killed Natasha
  1193 | D:2      | Reached skill level 1 in Shields
  1209 | D:2      | Noticed Natasha
  1220 | D:2      | Killed Natasha
  1221 | D:2      | Reached skill level 1 in Throwing
  1221 | D:2      | Reached XP level 5. HP: 16/37 MP: 0/0
  1221 | D:2      | Learned a level 2 spell: Poisonous Vapours
  1574 | D:2      | Found a runed translucent door.
  1575 | D:2      | Noticed Crazy Yiuf
  1986 | D:3      | Reached skill level 1 in Evocations
  1986 | D:3      | Reached XP level 6. HP: 21/43 MP: 0/0
  2121 | D:3      | Found an ornate altar of the Wu Jian Council.
  2498 | D:3      | Reached skill level 2 in Fighting
  3066 | D:4      | Found a staircase to the Ecumenical Temple.
  3069 | D:4      | Noticed Eustachio
  3349 | D:4      | Reached XP level 7. HP: 28/49 MP: 0/0
  3349 | D:4      | Learned a level 3 spell: Portal Projectile
  3700 | Temple   | Entered the Ecumenical Temple
  3847 | Temple   | Became a worshipper of Nemelex Xobeh the Trickster
  3987 | D:4      | Noticed Ijyb
  3998 | D:4      | Killed Ijyb
  4236 | D:4      | Killed Eustachio
  4237 | D:4      | Reached skill level 3 in Fighting
  4324 | D:5      | Entered Level 5 of the Dungeon
  4360 | D:5      | Reached skill level 1 in Invocations
  4360 | D:5      | Reached XP level 8. HP: 47/56 MP: 0/0
  5061 | D:5      | Noticed Pikel
  5237 | D:5      | Killed Pikel
  5238 | D:5      | Reached skill level 4 in Fighting
  5238 | D:5      | Reached XP level 9. HP: 62/62 MP: 0/0
  5238 | D:5      | Learned a level 4 spell: Animate Dead
  5339 | D:5      | Reached * piety under Nemelex Xobeh
  5369 | D:5      | Received a gift from Nemelex Xobeh
  5760 | D:6      | Reached skill level 1 in Maces & Flails
  5999 | D:1      | Bought the +4 leather armour of the Big Bang {Str+2} for
                  | 332 gold pieces
  6484 | D:6      | Reached skill level 5 in Armour
  6691 | D:6      | Found an iron altar of Okawaru.
  7175 | D:7      | Noticed Prince Ribbit
  7179 | D:7      | Killed Prince Ribbit
  7180 | D:7      | Reached skill level 5 in Fighting
  7180 | D:7      | Reached skill level 5 in Shields
  7938 | D:7      | Reached skill level 5 in Spellcasting
  8324 | D:7      | Reached XP level 10. HP: 66/72 MP: 0/0
  8414 | D:7      | Reached skill level 6 in Fighting
  8609 | D:7      | Received a gift from Nemelex Xobeh
  9193 | D:8      | Found an opulent altar of Gozag.
  9219 | D:8      | Reached skill level 7 in Fighting
  9246 | D:8      | Found a staircase to the Lair.
  9283 | D:8      | Reached ** piety under Nemelex Xobeh
 10028 | D:8      | Found a shadowy altar of Dithmenos.
 10562 | D:9      | Found a burning altar of Makhleb.
 10587 | D:9      | Received a gift from Nemelex Xobeh
 10691 | D:9      | Noticed a kobold demonologist
 10720 | D:9      | Killed a kobold demonologist
 10721 | D:9      | Reached skill level 5 in Invocations
 10813 | D:9      | Found a flagged portal.
 10828 | Bailey   | Entered a bailey
 10927 | Bailey   | Reached XP level 11. HP: 54/80 MP: 0/0
 10927 | Bailey   | Learned a level 4 spell: Manifold Assault
 11022 | Bailey   | Noticed an orc knight
 11071 | Bailey   | Killed an orc knight
 11072 | Bailey   | Reached skill level 8 in Fighting
 11107 | Bailey   | Found a large runed translucent door.
 11107 | Bailey   | Found a large runed translucent door.
 11161 | Bailey   | Noticed a deep elf pyromancer
 11242 | Bailey   | Killed a deep elf pyromancer
 11243 | Bailey   | Reached skill level 5 in Dodging
 11285 | Bailey   | Identified the +0 chain mail "Aguyv" {Harm +Inv Dex-2}
 11346 | D:9      | Reached *** piety under Nemelex Xobeh
 11479 | D:9      | Received a gift from Nemelex Xobeh
 11897 | D:9      | Found a staircase to the Orcish Mines.
 11945 | D:9      | Noticed a two-headed ogre
 11977 | D:9      | Killed a two-headed ogre
 12355 | D:10     | Entered Level 10 of the Dungeon
 12360 | D:10     | Found Fommaig's General Store.
 12383 | D:10     | Reached skill level 9 in Fighting
 12842 | D:10     | Found a hazy altar of Hepliaklqana.
 12922 | D:10     | Found a stormy altar of Qazlal.
 13272 | D:10     | Received a gift from Nemelex Xobeh
 13414 | D:10     | Noticed a two-headed ogre
 13465 | D:10     | Killed a two-headed ogre
 13466 | D:10     | Reached XP level 12. HP: 39/91 MP: 0/0
 13679 | D:10     | Reached **** piety under Nemelex Xobeh
 13733 | Orc:1    | Entered Level 1 of the Orcish Mines
 13835 | Orc:1    | Noticed Erolcha
 13955 | D:11     | Reached skill level 10 in Fighting
 14024 | D:11     | Noticed Fannar
 14045 | D:11     | Killed Fannar
 14227 | D:11     | Received a gift from Nemelex Xobeh
 14600 | D:11     | Noticed Amaemon
 14605 | D:11     | Noticed a two-headed ogre
 14607 | D:11     | Noticed a two-headed ogre
 14622 | D:11     | Killed Amaemon
 15133 | D:11     | Found Niecseck's Specific Store.
 15133 | D:11     | Found Wuzok's General Store.
 15325 | D:12     | Reached skill level 11 in Fighting
 15463 | D:12     | Received a gift from Nemelex Xobeh
 15716 | D:12     | Reached ***** piety under Nemelex Xobeh
 15872 | D:12     | HP: 2/94 [gargoyle/stone arrow (16)]
 15873 | D:12     | Mangled by a gargoyle

Illustrated notes

Levels and vault maps discovered:
D:1:      dpeg_arrival_ratfight, layout_loops_cross,
          shapermc_ecumenical_altar_pompeii, serial_shops, shop,
          nicolae_shop_hallway_plus, nicolae_shop_stone, shop_fountains
D:2:      layout_basic, minmay_strange_pillars, uniq_natasha,
          uniq_crazy_yiuf_cottage
D:3:      layout_loops_cross, mainiacjoe_overflow_paths
D:4:      layout_basic, marbit_many_paths, minmay_temple_entry_glass,
          uniq_eustachio, uniq_ijyb
D:5:      layout_basic, vehumet_statue, uniq_pikel
D:6:      layout_basic, okawaru_altar_gauntlet_db, minmay_crystal_water,
          hangedman_decor_points
D:7:      layout_basic, uniq_prince_ribbit1
D:8:      layout_basic, nicolae_overflow_squiral, due_lair_maze_entry_diamond
D:9:      layout_loops_ring, lemuel_crystal_altar, zombieorc1_lemuel,
          enter_bailey_7
D:10:     layout_stronghold, nicolae_hepliaklqana_hippocampus,
          grunt_qazlal_clouds, serial_shops, shop_fountains,
          chequers_serial_rivers_micro_a
D:11:     layout_irregular_city, serial_park_tiny_pond, nicolae_specific_store,
          uniq_amaemon, uniq_fannar
D:12:     layout_roguey, eino_small_chamber_without_monster, minmay_door_square,
          kennysheep_diamond
Temple:   hellmonk_temple_forest_ring
Orc:1:    layout_caves, uniq_erolcha, uniq_maurice

Skill      XL: |  1  2  3  4  5  6  7  8  9 10 11 12 |
---------------+-------------------------------------+-----
Fighting       | 1 2 3 4 5 7 9 11 | 11.2
Armour         | 1 2 3 4 5 6 |  6.0
Stealth        | 2 |  2.0
Shields        | 1 2 3 4 5 |  5.0
Throwing       | 1 |  1.0
Dodging        | 3 4 6 |  6.0
Spellcasting   | 3 4 5 6 8 9 |  9.2
Evocations     | 1 2 3 |  3.0
Invocations    | 1 3 5 |  5.0
Maces & Flails | 1 |  1.0

Action                   |  1- 3 |  4- 6 |  7- 9 | 10-12 || total
-------------------------+-------+-------+-------+-------++-------
Melee: Dagger            |     3 |       |       |       ||     3
       Mace              |       |    11 |    10 |    32 ||    53
       Hand axe          |       |     2 |       |       ||     2
Throw: Boomerang         |       |       |       |    30 ||    30
 Cast: Magic Dart        |    70 |    95 |    38 |   112 ||   315
       Call Imp          |       |    17 |     3 |     1 ||    21
       Sandblast         |       |    14 |    93 |   223 ||   330
       Poisonous Vapours |       |     4 |    78 |   150 ||   232
       Mephitic Cloud    |       |       |     1 |    14 ||    15
       Slow              |       |       |       |     3 ||     3
       Manifold Assault  |       |       |       |     3 ||     3
       Animate Dead      |       |       |       |     1 ||     1
Evoke: Wand              |       |     2 |     3 |     4 ||     9
  Use: Scroll            |       |     3 |    10 |     6 ||    19
       Potion            |       |       |       |     1 ||     1
 Stab: Confused          |       |       |       |     1 ||     1
Armor: Robe              |       |     8 |     8 |       ||    16
       Leather armour    |       |       |     3 |    54 ||    57
Dodge: Dodged            |     7 |    27 |    39 |   125 ||   198
Block: Buckler           |       |       |     6 |    57 ||    63
       Reflection        |       |       |       |     6 ||     6

Table legend: (Time is in decaauts)
 A = Elapsed time spent in this place.
 B = Non-inter-level travel time spent in this place.
 C = Inter-level travel time spent in this place.
 D = Time resting spent in this place.
 E = Time spent auto-exploring this place.
 F = Levels seen in this place.
 G = Mean time per level.
                   A        B        C        D        E       F      G
               +--------+--------+--------+--------+--------+-----+--------+
         Total |  16079 |  15142 |    937 |   3110 |   8941 |  15 | 1071.9 |
       Dungeon |  15293 |  14366 |    927 |   2950 |   8707 |  12 | 1274.4 |
        Temple |    158 |    148 |     10 |      0 |    120 |   1 |  158.0 |
  Orcish Mines |    112 |    112 |      0 |     47 |     13 |   1 |  112.0 |
        Bailey |    515 |    515 |      0 |    113 |    101 |   1 |  515.0 |
               +--------+--------+--------+--------+--------+-----+--------+

Top non-repeatable levels by time:
     D:7: 1684 daAuts
     D:9: 1563 daAuts
     D:8: 1484 daAuts
    D:10: 1419 daAuts
     D:5: 1407 daAuts
    D:11: 1374 daAuts
     D:6: 1358 daAuts
     D:3: 1297 daAuts
     D:4: 1226 daAuts
     D:1: 1033 daAuts
     D:2: 829 daAuts
    D:12: 613 daAuts
  Bailey: 515 daAuts
  Temple: 158 daAuts
   Orc:1: 112 daAuts
